 Dungeon Crawl Stone Soup version 0.14-a0-1361-g0512ea0 (webtiles) character file.

228 PolkaDot the Ruinous (level 5, 0/35 HPs)
             Began as a Vampire Conjurer on Dec 7, 2013.
             Succumbed to lauthentik's ghost's sting
             ... on Level 3 of the Dungeon.
             The game lasted 00:09:19 (2236 turns).

PolkaDot the Ruinous (Vampire Conjurer)             Turns: 2236, Time: 00:09:19

HP   0/35        AC  4     Str  6 (7)  XL: 5   Next:  2%
MP   5/9         EV 12     Int 16      God:
Gold 88          SH  0     Dex 14      Spells:  2 memorised,  6 levels left

rFire  . . .     SeeInvis +     (no weapon)
rCold  . . .     Clarity  .     b - +0 robe
rNeg   . . .     Conserve .     (no shield)
rPois  .         rCorr    .     (no helmet)
rElec  .         rRot     .     (no cloak)
SustAb . .       Spirit   .     n - +0 pair of gloves
rMut   .         Warding  .     (no boots)
Saprov . . .     Stasis   .     (no amulet)
                                (no ring)
                                (no ring)

@: regenerating quickly, quite poisoned, slightly resistant to hostile
enchantments, stealthy
A: fangs 3, molten scales 1, see invisible, dopey 1, unbreathing
a: no special abilities


You were on level 3 of the Dungeon.
You were full.

You visited 1 branch of the dungeon, and saw 3 of its levels.

You collected 88 gold pieces.

Inventory:

Hand weapons
 a - a +3,+3 orcish dagger
Armour
 b - a +0 robe (worn)
 n - a +0 pair of gloves (worn)
Magical devices
 t - a wand of magic darts (16) {unknown}
Scrolls
 d - 2 scrolls of noise {unknown}
 e - 2 scrolls of recharging {unknown}
 f - 3 scrolls of identify {unknown}
 j - a scroll of amnesia {unknown}
 m - a scroll of remove curse {unknown}
 p - a scroll of magic mapping {unknown}
 s - a scroll of fear {unknown}
Books
 c - a book of Conjurations

   Spells                             Type                      Level
   *Magic Dart                        Conjuration                  1
   *Searing Ray                       Conjuration                  2
   Dazzling Spray                     Conjuration/Hexes            3
   Iskenderun's Mystic Blast          Conjuration                  4
   Iskenderun's Battlesphere          Conjuration/Charms           4
   Fulminant Prism                    Conjuration/Hexes            5


   Skills:
 - Level 2.1 Dodging
 - Level 3.0 Stealth
 - Level 2.5 Spellcasting
 * Level 4.5 Conjurations


You had 6 spell levels left.
You knew the following spells:

 Your Spells              Type           Power        Failure   Level  Hunger
a - Magic Dart            Conj           ###.         3%          1    #......
s - Searing Ray           Conj           ###...       6%          2    ##.....


Dungeon Overview and Level Annotations

Branches:
Dungeon (3/16)

Altars:
Kikubaaqudgha
Yredelemnul

Annotations:
D:3 lauthentik's ghost, average DsWz


Innate Abilities, Weirdness & Mutations

Your natural rate of healing is unusually fast.
You have razor-sharp teeth.*
You have supernaturally acute eyesight.
You can survive without breathing.*
You are partially covered in molten scales (AC +1).*
You are dopey. (Int -2)


Message History

Lauthentik's ghost is moderately damaged.
* * * LOW HITPOINT WARNING * * *
You feel sick.
You feel a little better.
Lauthentik's ghost says very slowly, "There's no hope."
Lauthentik's ghost hits you but does no damage.
The kobold barely misses you.
* * * LOW HITPOINT WARNING * * *
You feel sick. The kobold hits you with a blowgun.
* * * LOW HITPOINT WARNING * * *
A kobold comes into view. It is wielding a whip.
* * * LOW HITPOINT WARNING * * *
You feel sick. The kobold hits you but does no damage.
Found a stone staircase leading down.
You barely miss the crimson imp.
* * * LOW HITPOINT WARNING * * *
You feel sick. Lauthentik's ghost barely misses you.
The crimson imp blinks!
The kobold hits you with a blowgun.
* * * LOW HITPOINT WARNING * * *
You die...

. #..# ..# #.##... #.#
#.# #.#...# #.# #.#
#.#.K.## #.# #.# #.#....#
#.######.# #.##...#
#.##...#.###.##...#
#......#.....##.######
#.....%#......pK@....##
.....###$...).(..........
..........5.............
#.######........########
#.# #........# ...#
#....(...# ...#
###...#..# ...# #...#..#
#### ##.....#


You could see lauthentik's ghost, a crimson imp and 2 kobolds.

Vanquished Creatures
  9 adders
  A worm (D:2)
  An ooze (D:1)
  4 orcs (D:3)
  4 hobgoblins
  8 kobolds
  2 quokkas
  A ball python (D:1)
  6 bats
  4 giant cockroaches
  A giant newt (D:1)
  A goblin (D:1)
  4 rats
46 creatures vanquished.

Notes
Turn   | Place    | Note
--------------------------------------------------------------
     0 | D:1      | PolkaDot, the Vampire Conjurer, began the quest for the Orb.
     0 | D:1      | Reached XP level 1. HP: 13/13 MP: 3/3
   471 | D:1      | Reached XP level 2. HP: 19/19 MP: 5/5
   475 | D:1      | Learned a level 2 spell: Searing Ray
  1120 | D:2      | Reached XP level 3. HP: 17/24 MP: 6/6
  1287 | D:2      | Found a basalt altar of Yredelemnul.
  1514 | D:2      | Found an ancient bone altar of Kikubaaqudgha.
  1528 | D:2      | Reached XP level 4. HP: 20/30 MP: 8/8
  1552 | D:2      | Reached skill level 4 in Conjurations
  1935 | D:3      | Noticed lauthentik's ghost (average DsWz)
  1992 | D:2      | Gained mutation: You are dopey. (Int -2) [potion of mutation]
  1992 | D:2      | Gained mutation: You are partially covered in molten scales (AC +1). [potion of mutation]
  1996 | D:2      | Paralysed by a potion of paralysis for 4 turns
  2200 | D:3      | Reached XP level 5. HP: 35/35 MP: 9/9
  2235 | D:3      | HP: 1/35 [kobold/blowgun (3)]
  2236 | D:3      | Succumbed to lauthentik's ghost's sting

Action                   |  1- 3 |  4- 6 || total
-------------------------+-------+-------++-------
Melee: Dagger            |    88 |    24 ||   112
       Unarmed           |    12 |    10 ||    22
 Cast: Magic Dart        |    11 |     5 ||    16
       Searing Ray       |     1 |     7 ||     8
  Use: Potion            |     1 |     8 ||     9
 Stab: Sleeping          |     2 |     2 ||     4
